 Dungeon Crawl Stone Soup version 0.28-a0-612-gcfc00ec14d (webtiles) character file.

Game seed: 3101887703125892721

128 robertstho the Covered (level 5, -8/33 HPs)
             Began as a Gargoyle Fighter on Oct 5, 2021.
             Mangled by an orc warrior (19 damage)
             ... on level 2 of the Dungeon.
             The game lasted 00:03:14 (2358 turns).

robertstho the Covered (Gargoyle Fighter)           Turns: 2358, Time: 00:03:15

Health: -8/33      AC: 17    Str: 20    XL:     5   Next: 11%
Magic:  5/5        EV:  6    Int:  9    God:
Gold:   74         SH:  4    Dex:  9    Spells: 4/4 levels left

rFire   . . .      SeeInvis .   a - +0 flail
rCold   . . .      Faith    .   c - +0 buckler
rNeg    + . .      Spirit   .   m - +0 plate armour
rPois   ∞          Reflect  .   h - +0 helmet
rElec   +          Harm     .   (no cloak)
rCorr   .          Rampage  .   (no gloves)
Will    .....                   (no boots)
Stlth   ..........              (no amulet)
HPRegen 0.11/turn               (no ring)
MPRegen 0.09/turn               (no ring)

@: no status effects
A: sickness immunity, AC +4, negative energy resistance 1, electricity
resistance, torment resistance 1, petrification resistance
a: no special abilities


You were on level 2 of the Dungeon.
You visited 1 branch of the dungeon, and saw 3 of its levels.

You collected 96 gold pieces.
You spent 22 gold pieces at shops.

Inventory:

Hand Weapons
 a - a +0 flail (weapon)
Armour
 c - a +0 buckler (worn)
 h - a +0 helmet (worn)
 m - a +0 plate armour (worn)
Scrolls
 k - a scroll of torment {unknown}
Potions
 d - 2 potions of might
 e - 2 potions of lignification {unknown}
 f - a potion of berserk rage
 g - a potion of ambrosia
 i - a potion of mutation
 j - a potion of curing {unknown}
 l - a potion of flight {unknown}


   Skills:
 * Level 4.0 Fighting
 + Level 3.2 Maces & Flails
 * Level 4.5 Armour
 + Level 0.3 Dodging
 + Level 3.6 Shields


You had 4 spell levels left.
You didn't know any spells.
Your spell library was empty.

Dungeon Overview and Level Annotations

Branches:
Dungeon (3/15)

Altars:
Xom

Shops:
D:2 *


Innate Abilities, Weirdness & Mutations

You are immune to sickness and miasma.
Your stone body is resilient. (AC +4)
You are immune to poison.
You resist negative energy. (rN+)
You are resistant to electric shocks. (rElec)
You are resistant to unholy torment.
You are immune to petrification.


Message History

The orc warrior hits you with a +0 battleaxe.
You are too injured to fight recklessly!
You are too injured to fight recklessly!
You are too injured to fight recklessly!
You are too injured to fight recklessly!
You are too injured to fight recklessly!
You are too injured to fight recklessly!
You are too injured to fight recklessly!
You are too injured to fight recklessly!
You are too injured to fight recklessly!
You are too injured to fight recklessly!
You are too injured to fight recklessly!
You are too injured to fight recklessly!
You are too injured to fight recklessly!
You are too injured to fight recklessly!
You are too injured to fight recklessly!
You are too injured to fight recklessly!
You are too injured to fight recklessly!
You are too injured to fight recklessly!
You are too injured to fight recklessly!
You are too injured to fight recklessly!
Unknown command.
There is a stone staircase leading up here.
The orc warrior hits you with a +0 battleaxe.
You climb upwards.
There is a stone staircase leading down here.
You closely miss the orc warrior.
The orc warrior is lightly wounded.
You block the orc warrior's attack.
Your plate armour prevents you from hitting the orc warrior.
The orc warrior is lightly wounded.
The orc warrior completely misses you.
You hit the orc warrior but do no damage.
The orc warrior is lightly wounded.
You block the orc warrior's attack. x2
You hit the orc warrior but do no damage.
The orc warrior is lightly wounded.
The orc warrior hits you with a +0 battleaxe!!
Ouch! That really hurt!
You die...

#.### ##...## # #.#
##.....## # #.#
#.......# # #.#
#.......# #
##.######.......# #
#......###.....## ##
#..###.# ##...## #.
#..###o# ##.## #.
#...##@# #.####### #.
###
#...##.#####.)[....# #.
..#
#......#......####.# #.
#.#
###.####.###.......###.
..#
#.####.###...#.......
..#
#........#.....###...
#.#########
######.#.....#.# #.##
#[..[.....# #.###.....#
#.## .)#######.#####
#......#### #.##


You could see an orc warrior.

Vanquished Creatures
  Jessica (D:2)
  Robin (D:2)
  An adder (D:2)
  A worm (D:2)
  2 dart slugs (D:1)
  5 orcs
  6 ball pythons
  2 bats (D:2)
  4 endoplasms
  A giant cockroach (D:1)
  9 hobgoblins
  3 kobolds
  6 quokkas
  2 frilled lizards
  15 goblins
  4 rats
63 creatures vanquished.

Notes
Turn   | Place    | Note
-------+----------+-------------------------------------------
     0 | D:1      | robertstho the Gargoyle Fighter began the quest for the
                  | Orb.
     0 | D:1      | Reached XP level 1. HP: 14/14 MP: 1/1
   173 | D:1      | Reached XP level 2. HP: 19/19 MP: 2/2
   400 | D:1      | Reached XP level 3. HP: 23/23 MP: 3/3
  1009 | D:2      | Noticed Robin
  1027 | D:2      | Found Tiewos's General Store.
  1030 | D:2      | Bought a scroll of identify for 22 gold pieces
  1368 | D:2      | Killed Robin
  1369 | D:2      | Reached XP level 4. HP: 22/29 MP: 4/4
  1824 | D:2      | Noticed Jessica
  1839 | D:2      | Killed Jessica
  1879 | D:2      | Found a shimmering altar of Xom.
  1893 | D:2      | Reached XP level 5. HP: 33/33 MP: 5/5
  2343 | D:3      | Noticed an orc warrior
  2358 | D:2      | Mangled by an orc warrior

Illustrated notes

Levels and vault maps discovered:
D:1:      lightli_arrival_noodles, layout_basic, nrook_mini_backslash,
          minmay_ruptured
D:2:      layout_loops_cross, basic_altar, serial_shops,
          nicolae_shop_behind_doors, uniq_robin, uniq_jessica
D:3:      layout_loops_ring, kb_xom_exploding_sheep, ebering_ghost_sewer_f,
          shapermc_ecumenical_altar_mp_ritualfount, minmay_strange_pillars

Skill      XL: |  1  2  3  4 |
---------------+-------------+-----
Armour         | 4 |  4.5
Fighting       | 4 |  4.0
Maces & Flails | 3 |  3.2
Dodging        | |  0.3
Shields        | |  3.6

Action                   |  1- 3 |  4- 6 || total
-------------------------+-------+-------++-------
Melee: Flail             |   119 |   100 ||   219
  Use: Scroll            |     3 |       ||     3
       Potion            |     1 |       ||     1
Armor: Scale mail        |    76 |    29 ||   105
       Plate armour      |       |     2 ||     2
Dodge: Dodged            |    70 |    45 ||   115
Block: Buckler           |    42 |    23 ||    65

Table legend: (Time is in decaauts)
 A = Elapsed time spent in this place.
 B = Non-inter-level travel time spent in this place.
 C = Inter-level travel time spent in this place.
 D = Time resting spent in this place.
 E = Time spent auto-exploring this place.
 F = Levels seen in this place.
 G = Mean time per level.
                   A        B        C        D        E       F      G
               +--------+--------+--------+--------+--------+-----+--------+
         Total |   2402 |   2204 |    198 |    222 |   1489 |   3 |  800.7 |
       Dungeon |   2402 |   2204 |    198 |    222 |   1489 |   3 |  800.7 |
               +--------+--------+--------+--------+--------+-----+--------+

Top non-repeatable levels by time:
     D:1: 1329 daAuts
     D:2: 1052 daAuts
     D:3: 20 daAuts
